 Dungeon Crawl Stone Soup version 0.29.1-4-g47bece8355 (webtiles) character file.

Game seed: 2628024667263624534

683 Peloso the Slasher (level 7, 0/61 HPs)
             Began as a Minotaur Fighter on Dec 8, 2022.
             Slain by a killer bee (2 damage)
             ... on level 4 of the Dungeon.
             The game lasted 00:06:39 (3299 turns).

Peloso the Slasher (Minotaur Fighter)               Turns: 3299, Time: 00:06:40

Health: 0/61       AC: 12    Str: 20    XL:     7   Next: 35%
Magic:  6/6        EV:  6    Int:  5    God:
Gold:   221        SH:  5    Dex: 12    Spells: 6/6 levels left

rFire   . . .      SeeInvis .   a - +1 long sword
rCold   . . .      Faith    .   c - +0 buckler
rNeg    . . .      Spirit   .   d - +0 plate armour
rPois   .          Reflect  .   (helmet restricted)
rElec   .          Harm     .   (no cloak)
rCorr   .          Rampage  .   (no gloves)
Will    .....                   (no boots)
Stlth   ..........              (no amulet)
HPRegen 0.20/turn               (no ring)
MPRegen 0.10/turn               (no ring)

@: lethally poisoned (0 -> -19)
A: horns 2, retaliatory headbutt
a: no special abilities


You were on level 4 of the Dungeon.
You visited 1 branch of the dungeon, and saw 5 of its levels.

You collected 221 gold pieces.

Inventory:

Hand Weapons
 a - a +1 long sword (weapon)
Missiles
 h - a throwing net (quivered)
Armour
 b - a +1 scale mail
 c - a +0 buckler (worn)
 d - a +0 plate armour (worn)
 e - a +0 chain mail
Wands
 j - a wand of flame (6)
Scrolls
 g - 2 scrolls of identify
 i - a scroll of butterflies
Potions
 k - a potion of invisibility {unknown}


   Skills:
 + Level 5.0 Fighting
 + Level 6.6 Long Blades
 + Level 5.9 Armour
 + Level 1.4 Dodging
 + Level 0.1 Stealth
 + Level 5.4 Shields


You had 6 spell levels left.
You didn't know any spells.
Your spell library was empty.

Dungeon Overview and Level Annotations

Branches:
Dungeon (5/15)             Temple (0/1) D:4

Altars:
Ru
Wu Jian


Innate Abilities, Weirdness & Mutations

You have a pair of horns on your head.
You reflexively headbutt those who attack you in melee.


Message History

You headbutt the killer bee. You block the killer bee's attack.
Your Fighting skill increases to level 5!
You feel sick.
The killer bee stings you but does no damage.
The killer bee stings you! The killer bee stings you. x2
You are more poisoned.
The killer bee poisons you!
You completely miss the killer bee. You headbutt the killer bee.
The killer bee is lightly wounded.
You feel sick. The killer bee closely misses you.
The killer bee barely misses you.
The killer bee stings you but does no damage. x2
You closely miss the killer bee.
The killer bee is lightly wounded.
You feel sick. The killer bee stings you. x2
You block the killer bee's attack. The killer bee stings you.
* * * LOW HITPOINT WARNING * * *
You are more poisoned.
The killer bee poisons you!
You hit the killer bee. Your headbutt misses the killer bee.
The killer bee is moderately wounded.
* * * LOW HITPOINT WARNING * * *
You feel very sick.
The killer bee stings you but does no damage.
You block the killer bee's attack.
The killer bee stings you but does no damage.
The killer bee stings you.
* * * LOW HITPOINT WARNING * * *
You hit the killer bee.
The killer bee is severely wounded.
* * * LOW HITPOINT WARNING * * *
You feel very sick.
The killer bee stings you but does no damage.
The killer bee stings you.
* * * LOW HITPOINT WARNING * * *
You are more poisoned.
The killer bee poisons you!
The killer bee stings you but does no damage.
The killer bee stings you.
You die...

.....####.#####...#...§≈§.##..#..
....#####.####...#........##...##
..<....##...##...#......§......#.
........##..........♣♣.._......#)
........##.......#..♣♣.....##..#.
#........#.......#.........##..#.
##................#....≈≈.....#..
##..............>y#....≈≈.....#..
##.............y@##..........####
##...........>...##.##.....###
###..##....##.....#...##.##.#
###.###....####...........###
.....#....................#
#.####....................#
##.##..........#....#....##
#..............##..##...##
...[.........####..###.##


You could see 2 killer bees.

Vanquished Creatures
  An orc warrior (D:4)
  A phantom (D:4)
  A scorpion (D:4)
  4 killer bees (D:4)
  A howler monkey (D:4)
  An orc priest (D:4)
  An iguana (D:4)
  An orc wizard (D:4)
  3 gnolls (D:4)
  4 adders
  A worm (D:4)
  2 dart slugs
  13 orcs
  9 ball pythons
  4 bats
  6 endoplasms
  5 giant cockroaches
  4 goblins
  3 hobgoblins
  4 jackals (D:1)
  5 kobolds
  4 quokkas
  2 frilled lizards (D:1)
  3 rats
83 creatures vanquished.

Vanquished Creatures (others)
  A fungus (D:1)
  4 toadstools (D:1)
5 creatures vanquished.

Grand Total: 88 creatures vanquished

Notes
Turn   | Place    | Note
-------+----------+-------------------------------------------
     0 | D:1      | Peloso the Minotaur Fighter began the quest for the Orb.
     0 | D:1      | Reached XP level 1. HP: 19/19 MP: 0/0
   373 | D:1      | Reached XP level 2. HP: 26/27 MP: 1/1
   537 | D:1      | Found a faded altar of an unknown god.
   677 | D:1      | Reached skill level 3 in Long Blades
   868 | D:1      | Reached XP level 3. HP: 28/33 MP: 2/2
  2116 | D:3      | Reached XP level 4. HP: 40/40 MP: 3/3
  2187 | D:3      | You fall into a shaft and drop 1 floor!
  2187 | D:4      | Found an ornate altar of the Wu Jian Council.
  2198 | D:4      | Reached skill level 4 in Long Blades
  2205 | D:4      | Reached XP level 5. HP: 28/46 MP: 4/4
  2223 | D:4      | Noticed a phantom
  2253 | D:4      | Killed a phantom
  2254 | D:4      | Reached skill level 5 in Long Blades
  2389 | D:4      | Noticed an orc warrior
  2396 | D:4      | Reached skill level 1 in Dodging
  2396 | D:4      | Reached XP level 6. HP: 51/53 MP: 5/5
  2402 | D:4      | Killed an orc warrior
  2403 | D:4      | Reached skill level 5 in Armour
  2403 | D:4      | Reached skill level 5 in Shields
  2445 | D:4      | Found a sacrificial altar of Ru.
  2456 | D:4      | Reached skill level 6 in Long Blades
  2507 | D:4      | Found a staircase to the Ecumenical Temple.
  2985 | D:5      | Entered Level 5 of the Dungeon
  3000 | D:4      | Reached XP level 7. HP: 4/60 MP: 6/6
  3001 | D:4      | HP: 1/60 [killer bee (4)]
  3007 | D:4      | HP: 3/60 [killer bee (7)]
  3295 | D:4      | Reached skill level 5 in Fighting
  3299 | D:4      | HP: 2/61 [killer bee (2)]
  3299 | D:4      | Slain by a killer bee

Illustrated notes

Levels and vault maps discovered:
D:1:      dpeg_arrival_leaves_temple_mockup, layout_basic,
          basic_ecumenical_altar, minmay_gold_behind_fungi
D:2:      layout_loops_corners
D:3:      layout_loops_ring, portal_sewer_entry_d,
          chequers_serial_rivers_micro_e, minmay_misc_feat_nine_boxes,
          kennysheep_generic_room_7, uniq_grinder, uniq_natasha
D:4:      layout_cave_pools, nicolae_wu_jian_wuxing_cycle, hangedman_ru_absence,
          minmay_temple_entry_purple_smoke
D:5:      layout_cave_pools, nicolae_tso_carved_into_rock

Skill      XL: |  1  2  3  4  5  6  7 |
---------------+----------------------+-----
Fighting       | 4 5 |  5.0
Long Blades    | 3 4 5 6 |  6.6
Armour         | 4 5 |  5.9
Shields        | 4 5 |  5.4
Dodging        | 1 |  1.4
Stealth        | |  0.1

Action                   |  1- 3 |  4- 6 |  7- 9 || total
-------------------------+-------+-------+-------++-------
Melee: Long sword        |   106 |    89 |    13 ||   208
       Headbutt          |    10 |    16 |     1 ||    27
  Use: Scroll            |     5 |       |       ||     5
       Potion            |     3 |     3 |     2 ||     8
Armor: Scale mail        |    62 |       |       ||    62
       Chain mail        |       |    69 |       ||    69
       Plate armour      |       |    20 |    22 ||    42
Dodge: Dodged            |    47 |    54 |    12 ||   113
Block: Buckler           |    34 |    36 |    12 ||    82
